 Dungeon Crawl Stone Soup version 0.17-a0-1403-g9df874c (webtiles) character file.

26387 Frelus the Severer (level 12, -2/115 HPs)
             Began as a Minotaur Berserker on June 20, 2015.
             Was a High Priest of Trog.
             Slain by a titanic slime creature (33 damage)
             ... on level 13 of the Dungeon.
             The game lasted 00:54:52 (12347 turns).

Frelus the Severer (Minotaur Berserker)            Turns: 12347, Time: 00:54:52

Health: -2/115     AC: 23    Str: 28    XL:     12   Next: 97%
Magic:  11/11      EV:  9    Int:  8    God:    Trog [*****.]
Gold:   657        SH:  0    Dex: 17    Spells: 0 memorised, 11 levels left

rFire  + . .     SeeInvis +     H - +2 war axe of Ysitumi {elec, rF+ MR+ SInv}
rCold  + . .     Clarity  .     V - +0 plate armour {rPois}
rNeg   . . .     SustAt   .     (no shield)
rPois  +         Gourm    .     (helmet restricted)
rElec  .         Spirit   .     P - +1 cloak
rCorr  .         Warding  .     g - +2 pair of gloves
rMut   .         NoTele   +     Y - +0 pair of boots
MR     ++...                    a - amulet of faith
Stlth  ..........               m - ring of protection from cold
                                u - ring "Rahetyg" {-Tele MR+ Str+4 Int+4 Dex+4}

@: very resistant to hostile enchantments, extremely unstealthy
A: retaliatory headbutt, horns 2, spit poison 1
a: Spit Poison, Burn Spellbooks, Berserk, Trog's Hand, Brothers in Arms,
Renounce Religion


You were on level 13 of the Dungeon.
You worshipped Trog.
Trog was extremely pleased with you.
You were hungry.

You visited 3 branches of the dungeon, and saw 16 of its levels.
You visited the Abyss 1 time.
You also visited: Sewer.

You collected 657 gold pieces.

Inventory:

Hand weapons
 b - a +2 battleaxe of freezing
 t - the +4 hand axe of the Owl {distort, *Confuse Int+5}
   (Trog gifted it to you on level 13 of the Dungeon)

   It warps and distorts space around it.
   Unwielding it can cause banishment or high damage.
   It affects your intelligence (+5).
   It may confuse you when you take damage.
 A - the +9 war axe of the Equator {freeze, rPois MR- Str+3}
   (You found it on level 4 of the Dungeon)

   It has been specially enchanted to freeze those struck by it, causing extra
   injury to most foes and up to half again as much damage against particularly
   susceptible opponents.
   It can also slow down cold-blooded creatures.
   It affects your strength (+3).
   It protects you from poison.
   It affects your resistance to hostile enchantments.
 G - a +7 war axe of electrocution
 H - the +2 war axe of Ysitumi (weapon) {elec, rF+ MR+ SInv}
   (You found it on level 5 of the Dungeon)

   Occasionally, upon striking a foe, it will discharge some electrical energy
   and cause terrible harm.
   It protects you from fire.
   It affects your resistance to hostile enchantments.
   It lets you see invisible.
Missiles
 y - 7 tomahawks of returning (quivered)
 N - 7 javelins of penetration
 R - 5 exploding tomahawks
 Z - 4 silver tomahawks
Armour
 g - a +2 pair of gloves (worn)
 k - a mottled dragon hide
 P - a +1 cloak (worn)
 V - a +0 plate armour of poison resistance (worn)
 Y - a +0 pair of boots (worn)
Jewellery
 a - an amulet of faith (around neck)
 m - a ring of protection from cold (right hand)
 u - the ring "Rahetyg" (left hand) {-Tele MR+ Str+4 Int+4 Dex+4}
   (You found it on level 10 of the Dungeon)

   [ring of strength]

   It affects your strength (+4).
   It affects your intelligence (+4).
   It affects your dexterity (+4).
   It affects your resistance to hostile enchantments.
   It prevents most forms of teleportation.
 C - an uncursed ring of teleportation
Magical devices
 p - a wand of frost (9)
 q - a wand of frost (35)
 v - a wand of random effects (17)
 z - a wand of heal wounds (7)
 B - a wand of lightning (7)
 D - a wand of fire (6)
 F - a wand of slowing (18)
 I - a wand of polymorph (8)
 L - a wand of draining (1)
 S - a wand of magic darts (7)
Scrolls
 j - a scroll of identify
 n - 2 scrolls of fear
 o - 5 scrolls of remove curse
 r - 3 scrolls of teleportation
 x - a scroll of holy word
Potions
 d - 2 potions of haste
 e - 4 potions of flight
 h - a potion of heal wounds
 i - 2 potions of invisibility
 l - 5 potions of curing
 s - a potion of magic {unknown}
 M - 2 potions of might
Books
 f - a book of Conjurations

   Spells                             Type                      Level
   a - Magic Dart                     Conjuration                  1
   b - Searing Ray                    Conjuration                  2
   c - Dazzling Spray                 Conjuration/Hexes            3
   d - Fulminant Prism                Conjuration/Hexes            4
   e - Iskenderun's Mystic Blast      Conjuration                  4
   f - Iskenderun's Battlesphere      Conjuration/Charms           5
   Trog disapproves of the use of such an item.
Comestibles
 c - 11 bread rations
 w - a beef jerky
 J - 2 meat rations
 K - a royal jelly


   Skills:
 + Level 13.0 Fighting
   Level 8.0 Long Blades
 - Level 16.7 Axes
 + Level 12.8 Armour
 - Level 2.1 Dodging


You had 11 spell levels left.
You didn't know any spells.

Dungeon Overview and Level Annotations

Branches:
Dungeon (13/15)            Temple (1/1) D:6            Lair (2/8) D:10
    Orc (0/4) D:12
 Vaults: D:13-14

Altars:
Ashenzari
Dithmenos
Elyvilon
Fedhas
Gozag
Kikubaaqudgha
Makhleb
Nemelex Xobeh
Qazlal
Ru
Trog
Xom
Zin
The Shining One

Shops:
D:4 =   D:13 (


Innate Abilities, Weirdness & Mutations

You reflexively headbutt those who attack you in melee.
You have a pair of horns on your head.
You can spit weak poison.


Message History

There is a sudden explosion of sparks!
Your headbutt misses the very large slime creature.
The very large slime creature is almost dead.
Two slime creatures merge to form a titanic slime creature.
You slice the titanic slime creature!!
You headbutt the titanic slime creature!!
The titanic slime creature is severely wounded.
You hit the titanic slime creature.
The titanic slime creature is severely wounded.
You slash the titanic slime creature!
The titanic slime creature is severely wounded.
The titanic slime creature hits you!!!!
Ouch! That really hurt!
* * * LOW HITPOINT WARNING * * *
You hear a shout!
Use which ability? (? or * to list)
Your iron troll goes berserk!
You are feeling hungry.
The titanic slime creature hits you!!
You die...

###### ##.......#
....# ###...###
..#.# #...# #.#.#
#...# #.#.# #...#
#.#.## #...# #....#
#...#
###..#########...###
###@.##.............
#.JT>...............
#.##.#..............
#.##.#.#####.....>##
#.##.#.# #.#....#
#.##.#.# #.#...[#
#.##.#.# #.#....##
#......# #.......#
####.### #.#.[[#.#


You could see a titanic slime creature and a friendly iron troll (berserk).

Vanquished Creatures
  4 centaur warriors
  Nergalle (Lair:2)
  3 hill giants
  A manticore (D:13)
  An unseen horror (D:11)
  4 elephants (Lair:2)
  Maurice (D:13)
  A black mamba (Lair:1)
  2 gargoyles
  A fire drake (Lair:1)
  3 komodo dragons
  5 trolls
  A troll (shapeshifter) (D:10)
  2 two-headed ogres
  3 deep elf magi
  2 wyverns
  3 hungry ghosts
  21 yaks
  8 hippogriffs
  A soldier ant (D:13)
  2 vampire mosquitoes (D:13)
  4 porcupines
  2 water moccasins
  A mottled dragon (D:13)
  6 orc warriors
  A sky beast (D:12)
  A wasp (D:7)
  4 phantoms
  A black bear (D:11)
  4 ogres
  2 ice beasts
  11 centaurs
  5 big kobolds
  A gnoll sergeant (D:10)
  A crocodile (Lair:1)
  A water moccasin zombie (D:6)
  6 giant frogs
  4 scorpions
  12 wights
  2 wyvern zombies
  5 killer bees
  10 crimson imps
  2 giant frog zombies
  3 quasits
  Crazy Yiuf (D:5)
  2 centaur skeletons
  5 orc priests
  A giant frog skeleton (D:10)
  7 hounds
  2 iguanas
  Jessica (D:2)
  13 orc wizards
  3 worker ants
  2 hound zombies (D:6)
  2 hound skeletons
  A worker ant zombie (D:5)
  4 gnolls (D:10)
  16 river rats
  17 adders
  4 shadow imps
  2 oozes (D:2)
  3 adder skeletons
  4 worms
  7 giant geckos
  44 orcs
  9 ball pythons
  9 bats
  A bat skeleton (D:8)
  A bat zombie (D:6)
  8 giant cockroaches
  9 goblins
  14 hobgoblins
  10 jackals
  2 quokkas
  3 giant newts
  A jackal skeleton (D:3)
  41 kobolds
  A quokka skeleton (D:8)
  33 rats
  A fungus (D:5)
  A plant (Lair:2)
444 creatures vanquished.

Vanquished Creatures (collateral kills)
  Rupert (D:12)
  2 hydras
  2 hill giants (D:13)
  A vampire mosquito (D:13)
  4 centaurs (D:13)
  2 electric eels (D:11)
  3 killer bees (D:12)
15 creatures vanquished.

Grand Total: 459 creatures vanquished

Notes
Turn   | Place    | Note
--------------------------------------------------------------
     0 | D:1      | Frelus the Minotaur Berserker began the quest for the Orb.
     0 | D:1      | Reached XP level 1. HP: 19/19 MP: 0/0
   106 | D:1      | Reached skill level 4 in Long Blades
   357 | D:1      | Reached XP level 2. HP: 24/26 MP: 1/1
   871 | D:2      | Reached skill level 5 in Long Blades
   879 | D:2      | Acquired Trog's second power
   879 | D:2      | Reached XP level 3. HP: 22/31 MP: 2/2
  1003 | D:2      | Noticed Jessica
  1009 | D:2      | Killed Jessica
  1015 | D:2      | Reached XP level 4. HP: 36/39 MP: 3/3
  1179 | D:2      | Reached skill level 6 in Long Blades
  1461 | D:3      | Found a sparkling altar of Nemelex Xobeh.
  1541 | D:3      | Found a sacrificial altar of Ru.
  1550 | D:3      | Found a shattered altar of Ashenzari.
  1631 | D:3      | Reached skill level 7 in Long Blades
  1631 | D:3      | Reached XP level 5. HP: 42/45 MP: 4/4
  1843 | D:3      | Received a gift from Trog
  2024 | D:4      | Reached skill level 8 in Long Blades
  2288 | D:4      | Reached XP level 6. HP: 35/52 MP: 5/5
  2460 | D:4      | Got a shimmering war axe
  2461 | D:4      | Identified the +9 war axe of the Equator {freeze, rPois MR- Str+3} (You found it on level 4 of the Dungeon)
  2546 | D:4      | Found Reiluade's Jewellery Shoppe.
  2766 | D:5      | Entered Level 5 of the Dungeon
  2868 | D:5      | Gained mutation: You can spit weak poison. [potion of beneficial mutation]
  3051 | D:5      | Found a burning altar of Makhleb.
  3135 | D:5      | Got a dazzling war axe
  3136 | D:5      | Identified the +2 war axe of Ysitumi {elec, rF+ MR+ SInv} (You found it on level 5 of the Dungeon)
  3322 | D:5      | Reached skill level 5 in Axes
  3322 | D:5      | Reached XP level 7. HP: 58/58 MP: 6/6
  3484 | D:5      | Found a glowing drain.
  3491 | Sewer    | Entered a sewer
  3556 | Sewer    | Acquired Trog's third power
  3731 | Sewer    | Received a gift from Trog
  4036 | D:5      | Noticed Crazy Yiuf
  4040 | D:5      | Killed Crazy Yiuf
  4079 | D:6      | Reached XP level 8. HP: 66/66 MP: 7/7
  4120 | D:6      | Found a staircase to the Ecumenical Temple.
  4199 | D:6      | Reached skill level 9 in Axes
  4243 | D:6      | Found a shimmering altar of Xom.
  4423 | D:6      | Reached skill level 10 in Axes
  4558 | D:6      | Reached skill level 11 in Axes
  4743 | D:7      | Found a blossoming altar of Fedhas.
  4762 | D:7      | Found a shadowy altar of Dithmenos.
  4865 | D:7      | Reached XP level 9. HP: 57/71 MP: 5/8
  4935 | D:7      | Reached skill level 12 in Axes
  5312 | D:8      | Reached skill level 13 in Axes
  5976 | D:9      | Reached skill level 14 in Axes
  6121 | D:9      | Found a glowing golden altar of the Shining One.
  6122 | D:9      | Found a glowing silver altar of Zin.
  6125 | D:9      | Found a white marble altar of Elyvilon.
  6197 | D:9      | Reached XP level 10. HP: 62/78 MP: 7/9
  6321 | D:9      | Reached skill level 15 in Axes
  6324 | D:9      | Received a gift from Trog
  6431 | D:9      | Found a stormy altar of Qazlal.
  6649 | D:10     | Entered Level 10 of the Dungeon
  6784 | Temple   | Entered the Ecumenical Temple
  6969 | D:10     | Noticed a centaur warrior
  6986 | D:10     | Killed a centaur warrior
  6986 | D:10     | Reached skill level 16 in Axes
  7272 | D:10     | Got a slimy steel ring
  7274 | D:10     | Identified the ring "Rahetyg" {-Tele MR+ Str+4 Int+4 Dex+4} (You found it on level 10 of the Dungeon)
  7449 | D:10     | Found a blossoming altar of Fedhas.
  7515 | D:10     | Found a staircase to the Lair.
  7526 | Lair:1   | Entered Level 1 of the Lair of Beasts
  7549 | Lair:1   | Reached skill level 5 in Fighting
  7550 | Lair:1   | Found a shattered altar of Ashenzari.
  7617 | Lair:1   | Reached XP level 11. HP: 76/88 MP: 8/10
  7618 | Lair:1   | Reached skill level 5 in Armour
  7783 | Lair:1   | Noticed a black mamba
  7788 | Lair:1   | Killed a black mamba
  8226 | Lair:2   | Noticed Nergalle
  8266 | Lair:2   | Killed Nergalle
  8419 | Lair:2   | Received a gift from Trog
  8574 | Lair:2   | Noticed a seven-headed hydra
  8587 | Lair:2   | HP: 4/95 [nine-headed hydra (3)]
  9171 | D:11     | Noticed an unseen horror
  9172 | D:11     | Killed an unseen horror
  9702 | D:11     | Noticed a four-headed hydra
  9710 | D:11     | HP: 2/99 [electric eel/bolt of electricity (6)]
  9720 | D:11     | Killed a six-headed hydra
  9720 | D:11     | Reached skill level 10 in Fighting
  9720 | D:11     | Reached XP level 12. HP: 31/106 MP: 1/11
  9927 | D:11     | Noticed a hill giant
  9935 | D:11     | Killed a hill giant
  9935 | D:11     | Reached skill level 10 in Armour
 10811 | D:12     | Noticed a four-headed hydra
 10817 | D:12     | Noticed Rupert
 10819 | D:12     | Killed a six-headed hydra
 10826 | D:12     | Received a gift from Trog
 10829 | D:12     | Killed Rupert
 11255 | D:12     | Found a staircase to the Orcish Mines.
 11822 | D:13     | Noticed a centaur warrior
 11829 | D:13     | Killed a centaur warrior
 11871 | D:13     | Found a white marble altar of Elyvilon.
 11876 | D:13     | Noticed a centaur warrior
 11882 | D:13     | Noticed Maurice
 11890 | D:13     | Killed a centaur warrior
 11894 | D:13     | Noticed a centaur warrior
 11902 | D:13     | Killed Maurice
 11925 | D:13     | Killed a centaur warrior
 11925 | D:13     | Received a gift from Trog
 11926 | D:13     | Got an ancient hand axe {god gift}
 11927 | D:13     | Identified the +4 hand axe of the Owl {distort, *Confuse Int+5} (Trog gifted it to you on level 13 of the Dungeon)
 12066 | D:13     | Cast into the Abyss (a distortion unwield)
 12113 | Abyss:1  | Noticed a blizzard demon
 12138 | D:13     | Escaped the Abyss
 12177 | D:13     | Found Dehuacrenko's Weapon Boutique.
 12347 | D:13     | Slain by a titanic slime creature

Vault maps used:
D:1:      elethiomel_arrival_shortcut
D:2:      uniq_jessica
D:3:      overflow_temple_1_default, nicolae_ru_sacrificial_ziggurat,
          nemelex_xobeh_ov_fountains_minmay
D:4:      serial_shops, shop
D:5:      kennysheep_mini, first_bread, portal_sewer_entry_e,
          uniq_crazy_yiuf_cottage
D:6:      temple_doors_e, basic_altar, serial_undead, serial_undead_a,
          serial_undead_a, serial_undead_d, serial_undead_c
D:7:      minitemple, grunt_ogre_cave
D:9:      good_gods_temple_1, lemuel_coloured_pillars_altar
D:10:     minmay_cut_squares, lair_0_dummy, fedhas_altar_2
D:11:     wad_river_or_something
D:12:     orc_0_dummy, uniq_rupert
D:13:     david_vaults_2, serial_shops, shop, basic_altar,
          grunt_decor_arrowhead, lemuel_mausoleum_altar_yredelemnul,
          uniq_maurice
Temple:   jpeg_temple_clearing_9
Lair:1:   basic_altar, serial_bayou_pond_c
Lair:2:   uniq_nergalle
Abyss:1:  bh_abyss_exit_choice
Sewer:    sewer_minmay_treatment

Action                   |  1- 3 |  4- 6 |  7- 9 | 10-12 || total
-------------------------+-------+-------+-------+-------++-------
Melee: Falchion          |    59 |   142 |       |       ||   201
       War axe           |       |    34 |   267 |   491 ||   792
Invok: Berserk           |       |     1 |     2 |     1 ||     4
       Burn Spellbooks   |       |       |     1 |     4 ||     5
       Trog's Hand       |       |       |       |     2 ||     2
       Brothers in Arms  |       |       |       |     5 ||     5
Evoke: Wand              |       |       |       |     1 ||     1
  Use: Scroll            |       |     8 |       |    21 ||    29
       Potion            |       |     1 |       |     3 ||     4
  Eat: Chunk             |       |     7 |    13 |    18 ||    38
       Bread ration      |       |       |       |     1 ||     1
